 Dungeon Crawl Stone Soup version 0.22-a0-608-g8a62e23f9f (webtiles) character file.

2123 Fandomethor the Skirmisher (level 9, -3/72 HPs)
             Began as a Demonspawn Abyssal Knight on July 6, 2018.
             Was an Elder of Lugonu.
             Slain by a wolf (5 damage)
             ... on level 8 of the Dungeon on July 9, 2018.
             The game lasted 00:13:01 (6481 turns).

Fandomethor the Skirmisher (DsAK)                   Turns: 6481, Time: 00:13:02

Health: -3/72      AC: 13    Str: 14 (16) XL:     9   Next: 8%
Magic:  12/12      EV: 11    Int: 12 (13) God:    Lugonu [****..]
Gold:   338        SH:  0    Dex: 10 (13) Spells: 8/8 levels left

rFire    x . .     SeeInvis .   a - +1 falchion
rCold    + + .     Gourm    .   (no shield)
rNeg     + . .     Faith    .   j - +0 ice dragon scales
rPois    .         Spirit   .   r - +0 helmet
rElec    .         Reflect  .   y - scarf {repulsion}
rCorr    .         Harm     .   i - +0 pair of gloves
MR       .....                  (no boots)
Stlth    ..........             w - amulet of rage
HPRegen  0.22/turn              x - ring of positive energy
MPRegen  0.13/turn              (no ring)

@: flying, repel missiles
A: claws 2, repulsion field 1, powered by death 2
a: Depart the Abyss, Bend Space, Banish, Corrupt, Renounce Religion, Evoke
Berserk Rage


You were on level 8 of the Dungeon.
You worshipped Lugonu.
Lugonu was greatly pleased with you.
You were very hungry.

You visited 1 branch of the dungeon, and saw 8 of its levels.
You visited the Abyss 1 time.

You collected 338 gold pieces.

Inventory:

Hand Weapons
 a - a +1 falchion (weapon)
Armour
 i - a +0 pair of gloves (worn)
 j - +0 ice dragon scales (worn)
 r - a +0 helmet (worn)
 y - a scarf of repulsion (worn)
Jewellery
 w - an amulet of rage (around neck)
 x - a ring of positive energy (left hand)
Wands
 v - a wand of iceblast (5)
 z - a wand of acid (8)
 A - a wand of flame (51)
 C - a wand of disintegration (13)
Scrolls
 b - a scroll of blinking {unknown}
 d - 3 scrolls of remove curse
 e - 2 scrolls of amnesia
 f - 2 scrolls of fog
 k - 3 scrolls of identify
 l - a scroll of noise {unknown}
 n - 2 scrolls of enchant armour {unknown}
 p - 3 scrolls of immolation
 q - 2 scrolls of magic mapping {unknown}
Potions
 h - a potion of curing
 u - 2 potions of brilliance
 D - a potion of degeneration
Comestibles
 c - 14 rations


   Skills:
 + Level 7.5 Fighting
 + Level 6.5 Long Blades
 - Level 5.0 Armour
 - Level 3.0 Dodging
 - Level 5.0 Invocations


You had 8 spell levels left.
You didn't know any spells.
Your spell library was empty.

Dungeon Overview and Level Annotations

Branches:
Dungeon (8/15)             Temple (0/1) D:4
   Lair: D:8-11

Altars:
Elyvilon
Fedhas
Hepliaklqana
Makhleb
Ru
Trog
Xom

Annotations:
D:7 Menkaure


Innate Abilities, Weirdness & Mutations

You have very sharp fingernails.
You are surrounded by a mild repulsion field. (EV +2)
You regenerate health from kills.


Message History

The wolf is heavily wounded.
The wolf bites you but does no damage.
You hit the wolf but do no damage.
The wolf is heavily wounded.
The wolf bites you but does no damage. The wolf closely misses you.
It was a potion of magic.
Magic courses through your body. The wolf bites you but does no damage.
The wolf closely misses you.
Your ice dragon scales prevents you from hitting the wolf.
The wolf is heavily wounded.
The wolf bites you.
* * * LOW HITPOINT WARNING * * *
You miss the wolf.
The wolf is heavily wounded.
The wolf bites you!
* * * LOW HITPOINT WARNING * * *
The wolf misses you.
You hit the wolf.
The wolf is heavily wounded.
The wolf bites you.
You die...

#.#.######.....#
#..............#
#.#.######.#...#
#r#.r...#<.#...#
#.#####r#......# #r#..
#.#......#
#h#.#.#.#..#...#
#o#.#.#o####...## .
.#.....#hrrh@....#
##.#.###.#############
...#....r.......
#...#.##....####
.......#h.....#
.......#......##
.###..##..._...#
................
.###..##......##


You could see a black bear, a wolf, 2 porcupines and an orc.

Vanquished Creatures
  A hippogriff (D:4)
  Grum (D:8)
  A sky beast (D:6)
  An ice beast (D:5)
  A necrophage (D:7)
  3 wolves (D:8)
  3 bullfrogs
  8 scorpions
  A water moccasin skeleton (D:6)
  2 crimson imps
  3 hounds
  A centaur skeleton (D:5)
  3 orc wizards
  3 worker ants
  A hound skeleton (D:7)
  A hound zombie (D:5)
  2 worker ant zombies
  3 gnolls (D:7)
  9 adders
  An ooze (D:5)
  An adder skeleton (D:4)
  2 worms
  3 dart slugs (D:1)
  6 leopard geckos
  30 orcs
  6 giant cockroaches
  8 goblins
  10 hobgoblins
  16 jackals
  6 quokkas
  8 bats
  9 frilled lizards
  6 kobolds
  A quokka skeleton (D:4)
  A quokka zombie (D:6)
  5 rats (D:1)
167 creatures vanquished.

Vanquished Creatures (others)
  A plant (D:8)
1 creature vanquished.

Grand Total: 168 creatures vanquished

Notes
Turn   | Place    | Note
-------+----------+-------------------------------------------
     0 | Abyss:1  | Fandomethor the Demonspawn Abyssal Knight began the quest for the Orb.
     0 | Abyss:1  | Reached XP level 1. HP: 18/18 MP: 2/2
    37 | Abyss:1  | Noticed a chaos spawn
    62 | Abyss:1  | Noticed a small abomination
    88 | Abyss:1  | Noticed a small abomination
    89 | Abyss:1  | Noticed a reaper
    92 | D:1      | Escaped the Abyss
   129 | D:1      | Reached * piety under Lugonu
   134 | D:1      | Reached skill level 1 in Dodging
   174 | D:1      | Gained mutation: You regenerate a little health from kills. [demonic ancestry]
   174 | D:1      | Reached XP level 2. HP: 22/24 MP: 4/4
   537 | D:1      | Reached XP level 3. HP: 29/29 MP: 5/5
   916 | D:2      | Reached ** piety under Lugonu
  1072 | D:2      | Gained mutation: You regenerate health from kills. [demonic ancestry]
  1072 | D:2      | Reached XP level 4. HP: 32/35 MP: 6/6
  1272 | D:3      | Found a white marble altar of Elyvilon.
  1385 | D:3      | Gained mutation: You are surrounded by a mild repulsion field. (EV +2) [demonic ancestry]
  1385 | D:3      | Reached XP level 5. HP: 30/42 MP: 7/7
  1396 | D:3      | Found a sacrificial altar of Ru.
  1843 | D:4      | Noticed a hippogriff
  2524 | D:4      | Reached skill level 4 in Fighting
  2550 | D:4      | Gained mutation: You have sharp fingernails. [demonic ancestry]
  2550 | D:4      | Reached XP level 6. HP: 44/48 MP: 9/9
  2658 | D:4      | Killed a hippogriff
  2774 | D:4      | Reached *** piety under Lugonu
  2875 | D:4      | Upgraded the game from 0.22-a0-601-gb0ed703ee0 to 0.22-a0-608-g8a62e23f9f
  2978 | D:4      | Found a staircase to the Ecumenical Temple.
  3033 | D:5      | Entered Level 5 of the Dungeon
  3077 | D:5      | Reached XP level 7. HP: 44/55 MP: 10/10
  3299 | D:5      | Reached skill level 5 in Fighting
  3420 | D:5      | Found a shimmering altar of Xom.
  3645 | D:5      | Found a hazy altar of Hepliaklqana.
  3701 | D:5      | Found a blossoming altar of Fedhas.
  3753 | D:5      | Found a burning altar of Makhleb.
  4359 | D:6      | Reached skill level 5 in Invocations
  4359 | D:6      | Reached XP level 8. HP: 50/63 MP: 11/11
  4375 | D:6      | Reached **** piety under Lugonu
  4923 | D:6      | Found a shimmering altar of Xom.
  5151 | D:6      | Found a bloodstained altar of Trog.
  5322 | D:6      | Reached skill level 6 in Fighting
  5322 | D:6      | Reached skill level 5 in Long Blades
  5322 | D:6      | Reached skill level 5 in Armour
  5946 | D:7      | Noticed Menkaure
  5963 | D:8      | Noticed Grum
  6000 | D:8      | Reached skill level 7 in Fighting
  6028 | D:8      | Killed Grum
  6049 | D:8      | Gained mutation: You have very sharp fingernails. [demonic ancestry]
  6049 | D:8      | Reached XP level 9. HP: 11/72 MP: 12/12
  6361 | D:8      | Found a sacrificial altar of Ru.
  6480 | D:8      | HP: 2/72 [wolf (7)]
  6481 | D:8      | Slain by a wolf

Vault maps used:
D:1:      lightli_arrival_farm
D:2:      first_ration, serial_glass, glass_columns_c, glass_columns_b
D:3:      elyvilon_altar_5, old_standard_altar
D:4:      minmay_temple_entry_from_below_a, minmay_door_square,
          due_unseen_surprise
D:5:      fedhas_altar_2, overflow_temple_1_default, lightli_temple_of_fire,
          grunt_ministairs_2, tgw_xom
D:6:      kennysheep_mini_moat, basic_altar
D:7:      uniq_menkaure
D:8:      minmay_lair_entry_grove, basic_altar, uniq_grum

Skill      XL: |  1  2  3  4  5  6  7  8 |
---------------+-------------------------+-----
Dodging        | 1 2 3 |  3.0
Long Blades    | 2 3 4 6 |  6.5
Armour         | 2 3 4 5 |  5.0
Invocations    | 3 4 5 |  5.0
Fighting       | 4 5 7 |  7.5

Action                   |  1- 3 |  4- 6 |  7- 9 || total
-------------------------+-------+-------+-------++-------
Melee: Falchion          |   122 |   255 |   551 ||   928
Invok: Depart the Abyss  |     1 |       |       ||     1
  Use: Scroll            |     1 |       |     3 ||     4
       Potion            |       |     3 |    10 ||    13
  Eat: Chunk             |       |     7 |    12 ||    19
Armor: Plate armour      |    42 |       |       ||    42
       Ice dragon scales |    63 |   173 |   324 ||   560
       Skin              |       |    40 |       ||    40
Dodge: Dodged            |    61 |   151 |   385 ||   597
       Deflected         |       |       |     6 ||     6
       Rpst.: Falchion   |    16 |    44 |   116 ||   176

Table legend:
 A = Spawn XP
 B = Non-spawn XP
 C = Spawn XP percentage of total XP
 D = Spawn monster count
 E = Non-spawn monster count
 F = Spawn count percentage of total count
 G = Total turns spent on level
                    A         B        C        D         E        F      G
               +---------+---------+-------+---------+---------+-------+---------
         Total |       0 |    3033 |   0.0 |       0 |     167 |   0.0 |  6481
               +---------+---------+-------+---------+---------+-------+---------
           D:1 |       0 |      53 |   0.0 |       0 |      30 |   0.0 |   688
           D:2 |       0 |      49 |   0.0 |       0 |      16 |   0.0 |   399
           D:3 |       0 |     145 |   0.0 |       0 |      23 |   0.0 |   806
           D:4 |       0 |     460 |   0.0 |       0 |      24 |   0.0 |  1048
           D:5 |       0 |     686 |   0.0 |       0 |      37 |   0.0 |  1233
           D:6 |       0 |     539 |   0.0 |       0 |      20 |   0.0 |  1114
           D:7 |       0 |     443 |   0.0 |       0 |      11 |   0.0 |   583
           D:8 |       0 |     658 |   0.0 |       0 |       6 |   0.0 |   518
               +---------+---------+-------+---------+---------+-------+---------
